 Dungeon Crawl Stone Soup version 0.23.2-33-g5129a83184 (webtiles) character file.

Game seed: 13312332544392424390

376 Kold the Gusty (level 6, -2/32 HPs)
             Began as a Tengu Air Elementalist on July 2, 2019.
             Slain by Prince Ribbit (17 damage)
             ... on level 5 of the Dungeon.
             The game lasted 00:07:59 (3695 turns).

Kold the Gusty (Tengu Air Elementalist)             Turns: 3695, Time: 00:08:00

Health: -2/32      AC:  3    Str:  9    XL:     6   Next: 73%
Magic:  6/11       EV: 15    Int: 17    God:
Gold:   158        SH:  0    Dex: 14    Spells: 10/11 levels left

rFire    . . .     SeeInvis +   (no weapon)
rCold    . . .     Gourm    .   (no shield)
rNeg     . . .     Faith    .   a - +1 robe
rPois    +         Spirit   .   (helmet restricted)
rElec    .         Reflect  .   (no cloak)
rCorr    .         Harm     .   (no gloves)
MR       .....                  (boots unavailable)
Stlth    ++........             (no amulet)
HPRegen  0.10/turn              n - ring of see invisible
MPRegen  0.12/turn              s - ring of poison resistance

@: flying quickly and evasively, quick
A: beak, talons 3, able to fly
a: Stop Flying


You were on level 5 of the Dungeon.
You were very hungry.

You visited 1 branch of the dungeon, and saw 5 of its levels.

You collected 158 gold pieces.

Inventory:

Armour
 a - a +1 robe (worn)
 m - a +0 leather armour
Jewellery
 n - a ring of see invisible (left hand)
 s - a ring of poison resistance (right hand)
Wands
 o - a wand of polymorph (10)
Scrolls
 f - a scroll of identify
 k - 2 scrolls of enchant weapon
 q - 2 scrolls of remove curse
Potions
 b - a potion of brilliance {unknown}
 e - 2 potions of haste {unknown}
 g - a potion of degeneration {unknown}
 h - a potion of might {unknown}
 i - a potion of flight {unknown}
 j - a potion of mutation {unknown}
 l - 2 potions of curing {unknown}
 p - a potion of heal wounds {unknown}
Comestibles
 c - 6 rations


   Skills:
 - Level 2.1 Dodging
 - Level 2.0 Stealth
 + Level 3.3 Spellcasting
 * Level 5.5 Conjurations
 * Level 6.8 Air Magic


You had 10 spell levels left.
You knew the following spells:

 Your Spells              Type           Power        Failure   Level  Hunger
a - Shock                 Conj/Air       ###.         1%          1    None

Your spell library contained the following spells:

 Spells                   Type           Power        Failure   Level  Hunger
 Static Discharge         Conj/Air       ###.....     4%          3    ###....
 Swiftness                Chrm/Air       ##......     6%          2    ##.....
 Airstrike                Air            ####......   10%         4    ####...
 Lightning Bolt           Conj/Air       ###.......   36%         5    ######.


Dungeon Overview and Level Annotations

Branches:
Dungeon (5/15)
 Temple: D:4-7

Altars:
Fedhas

Shops:
D:5 (

Annotations:
D:2 Sigmund
D:5 Prince Ribbit


Innate Abilities, Weirdness & Mutations

You have a beak for a mouth.
You have claws for feet.
You can fly continuously.


Message History

The zap hits Prince Ribbit.
Prince Ribbit is moderately wounded.
Casting: Shock (safe; 1% risk of failure)
Confirm with . or Enter, or press ? or * to list all spells.
Aiming: Shock (safe; 1% risk of failure)
Press: ? - help, Shift-Dir - straight line, f/p - Prince Ribbit
Aim: Prince Ribbit (moderately wounded)
The zap misses Prince Ribbit.
Prince Ribbit hits you!
Casting: Shock (safe; 1% risk of failure)
Confirm with . or Enter, or press ? or * to list all spells.
Aiming: Shock (safe; 1% risk of failure)
Press: ? - help, Shift-Dir - straight line, f/p - Prince Ribbit
Aim: Prince Ribbit (moderately wounded)
The zap misses Prince Ribbit.
Prince Ribbit completely misses you.
As you read the scroll labeled DAROFEMMIC, it crumbles to dust.
It is a scroll of enchant armour.
Your +0 robe glows green for a moment.
Prince Ribbit misses you. Prince Ribbit hits you!
Ouch! That really hurt!
You die...

##########
#........#
####........#
...........#
####........#
#...<.......##.#
#.##....@..∩.∩.#
#.......F.......
####.......∩.∩..
...............
###........#...
#........## ..
#........# .
#........#


You could see Prince Ribbit.

Vanquished Creatures
  An ogre (D:4)
  A bullfrog zombie (D:4)
  A hound (D:4)
  A centaur skeleton (D:4)
  An orc wizard (D:3)
  A worker ant (D:2)
  9 gnolls
  An adder (D:5)
  A worm (D:2)
  2 dart slugs
  5 orcs (D:3)
  3 giant cockroaches
  4 hobgoblins (D:1)
  2 jackals
  4 kobolds
  A quokka (D:3)
  A ball python (D:2)
  2 bats
  4 frilled lizards
  8 goblins
  7 rats
60 creatures vanquished.

Notes
Turn   | Place    | Note
-------+----------+-------------------------------------------
     0 | D:1      | Kold the Tengu Air Elementalist began the quest for the
                  | Orb.
     0 | D:1      | Reached XP level 1. HP: 10/10 MP: 4/4
   101 | D:1      | Reached XP level 2. HP: 15/15 MP: 1/6
   358 | D:1      | Reached XP level 3. HP: 19/19 MP: 4/7
   401 | D:1      | You fall through a shaft!
   744 | D:2      | Reached skill level 5 in Air Magic
   744 | D:2      | Reached XP level 4. HP: 20/24 MP: 0/8
  1347 | D:2      | Found a blossoming altar of Fedhas.
  1358 | D:2      | Noticed Sigmund
  1538 | D:3      | Gained mutation: You can fly continuously. [Tengu growth]
  1538 | D:3      | Reached XP level 5. HP: 28/28 MP: 7/10
  2662 | D:4      | Reached skill level 6 in Air Magic
  2795 | D:5      | Entered Level 5 of the Dungeon
  2893 | D:4      | Reached XP level 6. HP: 14/32 MP: 1/11
  3084 | D:4      | Reached skill level 5 in Conjurations
  3687 | D:5      | Found Dubuczaca's Antique Weapon Shoppe.
  3688 | D:5      | Noticed Prince Ribbit
  3695 | D:5      | Slain by Prince Ribbit

Skill      XL: |  1  2  3  4  5  6 |
---------------+-------------------+-----
Conjurations   | 2 3 4 5 |  5.5
Air Magic      | 5 6 |  6.8
Spellcasting   | 3 |  3.3
Dodging        | |  2.1
Stealth        | |  2.0

Action                   |  1- 3 |  4- 6 || total
-------------------------+-------+-------++-------
Melee: Unarmed           |     7 |     5 ||    12
       Kick              |     2 |     2 ||     4
       Peck              |     2 |     2 ||     4
 Cast: Shock             |    47 |   132 ||   179
 Abil: Fly               |       |     1 ||     1
  Use: Scroll            |       |     5 ||     5
  Eat: Chunk             |       |     5 ||     5
       Ration            |       |     1 ||     1
Armor: Robe              |       |     3 ||     3
Dodge: Dodged            |     9 |    27 ||    36
